 Dungeon Crawl Stone Soup version 0.26-a0-1080-g4c0aae810e (webtiles) character file.

Game seed: 16133106610087773431

6722 heike the Thaumaturge (level 10, -1/45 HPs)
             Began as a Deep Elf Air Elementalist on Dec 14, 2020.
             Was a Priest of Hepliaklqana.
             Slain by a four-headed hydra (4 damage)
             ... on level 2 of the Lair of Beasts.
             The game lasted 00:33:14 (10846 turns).

heike the Thaumaturge (Deep Elf Air Elementalist)  Turns: 10846, Time: 00:33:14

Health: -1/45      AC:  5    Str:  5    XL:     10   Next: 74%
Magic:  30/30      EV: 14    Int: 24    God:    Hepliaklqana [***...]
Gold:   754        SH:  0    Dex: 15    Spells: 22/37 levels left

rFire    + + .     SeeInvis .   H - +7 great mace "Firestarter" {inner flame, rF++}
rCold    . . .     Faith    .   (shield currently unavailable)
rNeg     . . .     Spirit   .   a - +0 robe
rPois    .         Reflect  .   (no helmet)
rElec    .         Harm     .   f - scarf {repulsion}
rCorr    .         Rampage  .   l - +2 pair of gloves
Will     +....                  (no boots)
Stlth    +++.......             (no amulet)
HPRegen  0.15/turn              t - ring of fire
MPRegen  0.22/turn              A - ring of ice

@: repel missiles
A: reduced essence
a: Recall Ancestor, Ancestor Identity, Transference, Renounce Religion


You were on level 2 of the Lair of Beasts.
You worshipped Hepliaklqana.
Hepliaklqana was most pleased with you.
You visited 2 branches of the dungeon, and saw 10 of its levels.

You collected 754 gold pieces.

Inventory:

Hand Weapons
 m - a +0 dagger
 w - a +1 dagger of flaming
 F - a +2 vorpal hunting sling
 H - the +7 great mace "Firestarter" (weapon) {inner flame, rF++}
   (You found it on level 1 of the Lair of Beasts)

   It has been specially enchanted to burn those struck by it, causing extra
   injury to most foes and up to half again as much damage against particularly
   susceptible opponents.
   It greatly protects you from fire.
Armour
 a - a +0 robe (worn)
 f - a scarf of repulsion (worn)
 l - a +2 pair of gloves (worn)
 G - a +1 cloak
Magical Staves
 x - an uncursed staff of cold
 E - an uncursed staff of poison
Jewellery
 t - a ring of fire (left hand)
 A - a ring of ice (right hand)
Wands
 g - a wand of flame (17)
 j - a wand of digging (6)
 C - a wand of disintegration (13)
 I - a wand of random effects (22)
Scrolls
 b - 2 scrolls of noise
 d - 5 scrolls of teleportation
 q - a scroll of amnesia
 r - 3 scrolls of magic mapping
 u - 3 scrolls of random uselessness
 v - a scroll of remove curse
 y - 3 scrolls of blinking
 B - 2 scrolls of fog
 D - 2 scrolls of identify
Potions
 c - 3 potions of might
 e - 3 potions of ambrosia
 h - 5 potions of curing
 i - a potion of attraction
 k - 5 potions of mutation
 n - a potion of brilliance
 o - a potion of lignification {unknown}
 p - a potion of resistance
 s - 2 potions of flight {unknown}
 z - a potion of haste {unknown}
 J - a potion of cancellation {unknown}


   Skills:
 + Level 0.1 Fighting
 + Level 3.6 Dodging
 + Level 3.8 Stealth
 * Level 14.4 Spellcasting
 * Level 8.9 Conjurations
 + Level 8.6 Air Magic


You had 22 spell levels left.
You knew the following spells:

 Your Spells              Type           Power        Failure   Level
a - Shock                 Conj/Air       ####         1%          1
b - Swiftness             Air            ######..     1%          2
c - Static Discharge      Conj/Air       ######..     1%          3
d - Airstrike             Air            ######....   1%          4
e - Lightning Bolt        Conj/Air       ######....   2%          5

Your spell library contained the following spells:

 Spells                   Type           Power        Failure   Level


Dungeon Overview and Level Annotations

Branches:
Dungeon (8/15)             Temple (0/1) D:7            Lair (2/6) D:8
  Swamp: Lair:2-4    Shoals: Lair:2-4     Snake: Lair:2-4    Spider: Lair:2-4

Altars:
Ashenzari
Cheibriados
Hepliaklqana

Annotations:
Lair:1 exclusion: 3 oklob plants


Message History

You climb upwards.
Level annotation: exclusion: 3 oklob plants
There is a stone staircase leading down here.
You start resting.
The Master emerges from the mists of memory!
You start resting.
Magic restored.
You start resting.
HP restored.
You climb downwards.
The four-headed hydra bites you. The four-headed hydra misses you.
The four-headed hydra barely misses you.
The four-headed hydra bites you! The cane toad closely misses you.
The four-headed hydra bites you. The four-headed hydra bites you! x2
* * * LOW HITPOINT WARNING * * *
The four-headed hydra bites you.
* * * LOW HITPOINT WARNING * * *
There is a stone staircase leading up here.
The cane toad closely misses you. The four-headed hydra bites you.
You die...

## ####### ## ####
P########P....##.. ##..###### #
.............†..## #........####
..P..............####............
..................#..............
...............#...÷.............
...............#.................
...............R#.............#..
................@.............#.#
...............DF................
..............#.............P#...
..............##.#####......#####
..............#### ##......###.
...........#.#. ......##...
........#...###. ..........
.......P# ........ >.....<##
......


You could see the friendly The Master the battlemage, a four-headed hydra and a
cane toad.

Vanquished Creatures
  4 gargoyles (D:7)
  A komodo dragon (Lair:2)
  2 rime drakes (Lair:1)
  A cane toad (Lair:2)
  A wyvern (D:8)
  2 basilisks
  2 yaks
  2 water moccasins
  Duvessa (D:6)
  A phantom (D:4)
  2 orc warriors
  A sky beast (D:5)
  2 ogres
  A centaur (D:7)
  Blork the orc (D:4)
  4 bullfrogs
  Dowan (D:6)
  2 scorpions
  5 wights (D:8)
  A quasit (D:7)
  4 orc priests
  A bullfrog zombie (D:7)
  A centaur skeleton (D:4)
  A bullfrog skeleton (D:7)
  4 iguanas
  3 worker ants
  7 orc wizards
  7 adders
  3 gnolls (D:3)
  3 white imps
  2 oozes (D:4)
  An adder zombie (D:7)
  2 dart slugs
  5 worms
  2 leopard geckos
  16 orcs
  4 giant cockroaches
  5 goblins
  8 hobgoblins
  9 jackals
  5 kobolds
  4 quokkas
  3 ball pythons
  11 bats
  3 frilled lizards
  A quokka zombie (D:5)
  8 rats
160 creatures vanquished.

Vanquished Creatures (collateral kills)
  An elephant (D:8)
  A komodo dragon (Lair:1)
  A basilisk (D:8)
  A water moccasin (Lair:1)
  An ice beast (D:7)
  A phantom (D:6)
  A centaur (D:8)
  A bullfrog (Lair:1)
  2 wights (D:8)
  A jelly (D:8)
  An orc wizard (D:6)
  A hound zombie (D:7)
  A worker ant zombie (D:5)
  A howler monkey skeleton (D:8)
  2 adders
  An adder zombie (D:5)
  2 orcs
  A jackal (D:7)
  A ball python skeleton (D:5)
22 creatures vanquished.

Vanquished Creatures (others)
  3 battlemagi
  3 ancestors
  5 plants
11 creatures vanquished.

Grand Total: 193 creatures vanquished

Notes
Turn   | Place    | Note
-------+----------+-------------------------------------------
     0 | D:1      | heike the Deep Elf Air Elementalist began the quest for the
                  | Orb.
     0 | D:1      | Reached XP level 1. HP: 10/10 MP: 6/6
   265 | D:1      | Reached XP level 2. HP: 15/15 MP: 5/8
  1192 | D:2      | Reached XP level 3. HP: 19/19 MP: 7/9
  2162 | D:3      | Reached XP level 4. HP: 24/24 MP: 6/11
  2259 | D:3      | Reached skill level 4 in Spellcasting
  2285 | D:3      | Learned a level 2 spell: Swiftness
  2289 | D:3      | Learned a level 3 spell: Static Discharge
  2294 | D:3      | Learned a level 4 spell: Airstrike
  2646 | D:3      | Found a broken altar of Ashenzari.
  2874 | D:3      | Reached XP level 5. HP: 28/28 MP: 3/14
  2875 | D:3      | Reached skill level 5 in Spellcasting
  3376 | D:4      | Noticed an ogre
  3407 | D:4      | Killed an ogre
  3408 | D:4      | Reached skill level 6 in Spellcasting
  3408 | D:4      | Reached XP level 6. HP: 32/32 MP: 5/17
  3989 | D:4      | Noticed Blork the orc
  4024 | D:4      | Killed Blork the orc
  4313 | D:4      | Reached skill level 7 in Spellcasting
  4313 | D:4      | Reached XP level 7. HP: 36/36 MP: 8/19
  4501 | D:4      | Found a snail-covered altar of Cheibriados.
  4585 | D:5      | Entered Level 5 of the Dungeon
  4602 | D:5      | Found a hazy altar of Hepliaklqana.
  4606 | D:5      | Became a worshipper of Hepliaklqana the Forgotten
  4655 | D:5      | Reached skill level 5 in Air Magic
  5432 | D:5      | Reached skill level 5 in Conjurations
  5487 | D:5      | Reached * piety under Hepliaklqana
  5917 | D:6      | Reached skill level 8 in Spellcasting
  6033 | D:6      | Noticed Dowan
  6035 | D:6      | Noticed Duvessa
  6048 | D:6      | Killed Duvessa
  6048 | D:6      | Killed Dowan
  6049 | D:6      | Reached XP level 8. HP: 36/36 MP: 12/22
  6397 | D:6      | Reached skill level 9 in Spellcasting
  7128 | D:7      | Learned a level 5 spell: Lightning Bolt
  7169 | D:7      | Reached skill level 10 in Spellcasting
  7403 | D:7      | Reached ** piety under Hepliaklqana
  7413 | D:7      | Remembered your ancestor The Master as a battlemage
  7495 | D:7      | Found a staircase to the Ecumenical Temple.
  7520 | D:7      | Reached XP level 9. HP: 40/40 MP: 23/25
  7831 | D:7      | Noticed a gargoyle
  7896 | D:7      | Killed a gargoyle
  7990 | D:7      | Noticed a gargoyle
  7990 | D:7      | Noticed a gargoyle
  8003 | D:7      | Killed a gargoyle
  8004 | D:7      | Reached skill level 11 in Spellcasting
  8005 | D:7      | Killed a gargoyle
  8147 | D:7      | Noticed a gargoyle
  8154 | D:7      | Killed a gargoyle
  8155 | D:7      | Reached skill level 12 in Spellcasting
  8460 | D:8      | Found a staircase to the Lair.
  8460 | D:8      | Noticed an elephant
  8828 | D:8      | Reached XP level 10. HP: 45/45 MP: 17/28
  9016 | D:8      | Reached skill level 13 in Spellcasting
  9267 | D:8      | Killed an elephant
  9679 | Lair:1   | Entered Level 1 of the Lair of Beasts
  9746 | Lair:1   | Found the +7 great mace "Firestarter" {inner flame, rF++}
  9956 | Lair:1   | Noticed an oklob plant
  9956 | Lair:1   | Noticed an oklob plant
  9956 | Lair:1   | Noticed an oklob plant
 10132 | Lair:1   | Reached skill level 14 in Spellcasting
 10655 | Lair:2   | Noticed a cane toad
 10658 | Lair:2   | Killed a cane toad
 10697 | Lair:2   | Reached *** piety under Hepliaklqana
 10698 | Lair:2   | Noticed a cane toad
 10701 | Lair:2   | Noticed a four-headed hydra
 10846 | Lair:2   | Slain by a four-headed hydra

Illustrated notes

Levels and vault maps discovered:
D:1:      dpeg_arrival_tiny_a, layout_loops_corners
D:2:      layout_loops_ring
D:3:      layout_loops_ring, evilmike_ruin_ashenzari
D:4:      layout_cave_pools, kennysheep_slug_shrine, uniq_blork_the_orc
D:5:      layout_cave_pods, lemuel_crystal_altar, cheibrodos_sewer_entry_bend,
          minivault_4
D:6:      layout_basic, kennysheep_generic_room_5, uniq_duvessa
D:7:      cheibrodos_statue_roulette, layout_basic,
          minmay_temple_entry_gardened_gates
D:8:      layout_loops_ring, david_lair_generic
Lair:1:   layout_big_grid, minmay_lair_oklob_chamber
Lair:2:   layout_cave_shapes, minmay_snake_entry_six_corridors,
          grunt_megastairs_2

Skill      XL: |  1  2  3  4  5  6  7  8  9 10 |
---------------+-------------------------------+-----
Air Magic      | 4 5 6 7 8 |  8.6
Conjurations   | 2 3 4 5 7 8 |  8.9
Spellcasting   | 4 6 7 8 10 12 14 | 14.4
Stealth        | 3 |  3.8
Dodging        | 3 |  3.6
Fighting       | |  0.1

Action                   |  1- 3 |  4- 6 |  7- 9 | 10-12 || total
-------------------------+-------+-------+-------+-------++-------
Melee: Dagger            |       |     4 |       |       ||     4
       Staff             |       |       |    12 |     1 ||    13
 Cast: Shock             |    82 |   149 |   161 |    60 ||   452
       Swiftness         |       |     2 |     1 |     2 ||     5
       Airstrike         |       |       |    33 |    19 ||    52
       Lightning Bolt    |       |       |     1 |     3 ||     4
Invok: Ancestor Identity |       |       |     1 |       ||     1
       Ancestor Life: Ba |       |       |     1 |       ||     1
  Use: Scroll            |     9 |       |    10 |       ||    19
       Potion            |       |     1 |     6 |       ||     7
Armor: Robe              |     2 |     4 |    11 |       ||    17
Dodge: Dodged            |     7 |    20 |    36 |     9 ||    72
       Repelled          |     1 |     1 |     4 |       ||     6

Table legend: (Time is in decaauts)
 A = Elapsed time spent in this place.
 B = Non-inter-level travel time spent in this place.
 C = Inter-level travel time spent in this place.
 D = Time resting spent in this place.
 E = Time spent auto-exploring this place.
 F = Levels seen in this place.
 G = Mean time per level.
                   A        B        C        D        E       F      G
               +--------+--------+--------+--------+--------+-----+--------+
         Total |  10844 |  10559 |    285 |    787 |   8440 |  10 | 1084.4 |
       Dungeon |   9677 |   9401 |    276 |    677 |   7538 |   8 | 1209.6 |
          Lair |   1167 |   1159 |      8 |    110 |    902 |   2 |  583.5 |
               +--------+--------+--------+--------+--------+-----+--------+

Top non-repeatable levels by time:
     D:7: 1510 daAuts
     D:4: 1322 daAuts
     D:6: 1286 daAuts
     D:1: 1190 daAuts
     D:5: 1154 daAuts
     D:8: 1152 daAuts
     D:3: 1075 daAuts
     D:2: 986 daAuts
  Lair:1: 951 daAuts
  Lair:2: 215 daAuts
